 Dungeon Crawl Stone Soup version 0.27-a0-577-ge2a43ba0c9 (webtiles) character file.

Game seed: 9424149831469952921

1 jasper the Vexing (level 1, 0/10 HPs)
             Began as a Deep Elf Enchanter on Mar 9, 2021.
             Slain by a hobgoblin
             ... wielding a +0 club
              (3 damage)
             ... on level 1 of the Dungeon.
             The game lasted 00:00:26 (163 turns).

jasper the Vexing (Deep Elf Enchanter)               Turns: 163, Time: 00:00:26

Health: 0/10       AC:  3    Str:  5    XL:     1   Next: 16%
Magic:  6/6        EV: 12    Int: 19    God:
Gold:   33         SH:  0    Dex: 15    Spells: 5/6 levels left

rFire    . . .     SeeInvis .   a - +1 dagger
rCold    . . .     Faith    .   (no shield)
rNeg     . . .     Spirit   .   b - +0 robe
rPois    .         Reflect  .   (no helmet)
rElec    .         Harm     .   (no cloak)
rCorr    .         Rampage  .   (no gloves)
Will     .....                  c - +0 pair of boots
Stlth    ++........             (no amulet)
HPRegen  0.03/turn              (no ring)
MPRegen  0.10/turn              (no ring)

@: no status effects
A: no striking features
a: no special abilities


You were on level 1 of the Dungeon.
You visited 1 branch of the dungeon, and saw 1 of its levels.

You collected 33 gold pieces.

Inventory:

Hand Weapons
 a - a +1 dagger (weapon)
 d - a +0 spear
Missiles
 e - 22 bolts
Armour
 b - a +0 robe (worn)
 c - a +0 pair of boots (worn)


   Skills:
 - Level 1.0 Short Blades
 + Level 2.4 Dodging
 * Level 3.6 Stealth
 + Level 3.0 Spellcasting
 * Level 4.0 Hexes


You had 5 spell levels left.
You knew the following spells:

 Your Spells              Type           Power      Damage    Failure   Level
a - Corona                Hex            20%        N/A       2%          1

Your spell library contained the following spells:

 Spells                   Type           Power      Damage    Failure   Level
 Confusing Touch          Hex            18%        N/A       9%          3
 Tukima's Dance           Hex            18%        N/A       9%          3
 Ensorcelled Hibernation  Hex/Ice        20%        N/A       10%         2
 Dazzling Flash           Conj/Hex       20%        N/A       21%         3


Dungeon Overview and Level Annotations

Branches:
Dungeon (1/15)

Altars:


Message History

You start putting on your armour.
You continue putting on your +0 pair of boots. x4
You finish putting on your +0 pair of boots.
You see here a +0 spear.
d - a +0 spear
Found 22 bolts.
You see here 22 bolts.
Found a stone staircase leading down.
You see here 22 bolts.
e - 22 bolts
Found a leather armour.
You see here a +0 leather armour.
A giant cockroach comes into view.
Found 9 gold pieces.
The helpless giant cockroach fails to defend itself.
You puncture the giant cockroach!
You kill the giant cockroach!
You now have 25 gold pieces (gained 9).
You now have 33 gold pieces (gained 8).
A hobgoblin comes into view. It is wielding a +0 club.
A hobgoblin is nearby!
The hobgoblin shouts!
Found 14 arrows.
Aiming: Corona (safe; 2% risk of failure)
Press: ? - help, Q - select action Shift-Dir - straight line, f - hobgoblin
Aim: a hobgoblin, wielding a +0 club (chance to affect: 73%)
The hobgoblin barely resists.
The hobgoblin hits you but does no damage.
You now have 5/6 mp.
You barely miss the hobgoblin. The hobgoblin hits you with a +0 club.
You take 2 damage, and have 8/10 hp.
You hit the hobgoblin but do no damage. The hobgoblin barely misses you.
You barely miss the hobgoblin. The hobgoblin hits you with a +0 club.
Ouch! That really hurt!
* * * LOW HITPOINT WARNING * * *
You take 6 damage, and have 2/10 hp.
MASSIVE DAMAGE!!
Okay, then.
MP restored: 6 The hobgoblin hits you with a +0 club.
You die...

#.# .#.# ..# # #.# ###.
#.####.... #. #......# #.
###......# #. #####........#
## #.## ####@....#......# #..
#..###..g.#####......#
#...##.#...######...######
#........### #...#.######
#...##.########.###......#####
# #...........# ####........
#$........### #########
#.........# #.........#


You could see a hobgoblin.

Vanquished Creatures
  A giant cockroach (D:1)
1 creature vanquished.

Notes
Turn   | Place    | Note
-------+----------+-------------------------------------------
     0 | D:1      | jasper the Deep Elf Enchanter began the quest for the Orb.
     0 | D:1      | Reached XP level 1. HP: 10/10 MP: 6/6
   163 | D:1      | Slain by a hobgoblin

Illustrated notes

Levels and vault maps discovered:
D:1:      minmay_arrival_arboretum_large, layout_rooms

Action                   || total
-------------------------++-------
Melee: Dagger            ||     4
 Cast: Corona            ||     1
 Stab: Sleeping          ||     1
Armor: Robe              ||     1
Dodge: Dodged            ||     1

Table legend: (Time is in decaauts)
 A = Elapsed time spent in this place.
 B = Non-inter-level travel time spent in this place.
 C = Inter-level travel time spent in this place.
 D = Time resting spent in this place.
 E = Time spent auto-exploring this place.
 F = Levels seen in this place.
 G = Mean time per level.
                   A        B        C        D        E       F      G
               +--------+--------+--------+--------+--------+-----+--------+
         Total |    162 |    162 |      0 |      0 |     95 |   1 |  162.0 |
       Dungeon |    162 |    162 |      0 |      0 |     95 |   1 |  162.0 |
               +--------+--------+--------+--------+--------+-----+--------+

Top non-repeatable levels by time:
     D:1: 162 daAuts
